Cogmind - Beta 15 @@@ ROGUE MODE // 2025.07.28 @ 19:37:09 Player: beans Result: Destroyed by G-47 Trooper with Particle Gun Performance ------------- Evolutions (2) 1000 Regions Visited (4) 800 Robots Destroyed (88) 440 Value Destroyed (2216) 2216 Prototype IDs (5) 100 Alien Tech Used (0) 0 Bonus (317) 317 TOTAL SCORE: 4873 Bonus ------- High Alert Combat Kills 54 Follower Combat Kills 263 Cogmind --------- Core Integrity 0/550 Matter 234/300 Energy 75/100 System Corruption 0% Temperature Cool (45) Movement Core (200) Ox3 Location -8/Materials Parts ------- > --- POWER (2) -------- (None) > --- PROPULSION (2) --- (None) > --- UTILITY (4) ------ (None) > --- WEAPON (3) ------- Heavy Particle Cannon Shotgun Improved Assault Rifle > --- INVENTORY (5) ---- Signal Generator Peak State ------------ > --- POWER ------------ Heavy Ion Engine > --- PROPULSION ------- Advanced Treads Advanced Treads > --- UTILITY ---------- Power Amplifier Experimental Sensor Array Improved Targeting Computer Improved Targeting Computer > --- WEAPON ----------- Minigun Minigun > --- INVENTORY -------- Minigun Grenade Launcher Signal Generator [Rating: 33] Favorites ----------- Power Heavy Ion Engine Engine Heavy Ion Engine Propulsion Advanced Treads Treads Advanced Treads Hover Unit Airjet Flight Unit Improved VTOL Module Utility Improved Targeting Computer Device Power Amplifier Processor Improved Targeting Computer Weapon Minigun Energy Gun Medium Laser Energy Cannon Heavy Particle Cannon Ballistic Gun Minigun Launcher Grenade Launcher Build | -11 -10 -9 -9 -8 ------- Run | Yrd Mat Mat Min Mat Slots Evolved 4 | . . 2 . 2 Power 1 | . . . . 1 Propulsion . | . . . . . Utility 2 | . . 2 . . Weapon 1 | . . . . 1 Parts Attached 29 | 4 1 15 3 6 Power 1 | . . 1 . . Engine 1 | . . 1 . . Core . | . . . . . Reactor . | . . . . . Propulsion 9 | 2 . 7 . . Treads 6 | 2 . 4 . . Leg . | . . . . . Wheel . | . . . . . Hover 2 | . . 2 . . Flight 1 | . . 1 . . Utility 4 | . . 2 2 . Device 2 | . . . 2 . Storage . | . . . . . Processor 2 | . . 2 . . Hackware . | . . . . . Protection . | . . . . . Artifact . | . . . . . Weapon 15 | 2 1 5 1 6 Energy Gun 3 | 1 . 2 . . Energy Cannon 1 | . . . . 1 Ballistic Gun 10 | 1 . 3 1 5 Ballistic Cannon . | . . . . . Launcher 1 | . 1 . . . Special Weapon . | . . . . . Impact Weapon . | . . . . . Slashing Weapon . | . . . . . Piercing Weapon . | . . . . . Special Melee Weapon . | . . . . . Unidentified Prototypes 5 | . . 3 1 1 Parts Lost 16 | . . 3 2 11 Power 1 | . . . . 1 Propulsion 4 | . . 2 1 1 Utility 4 | . . . . 4 Weapon 7 | . . 1 1 5 Highest Loss Streak 6 | . . 2 1 6 To Critical Strikes . | . . . . . Average Backups 1 | . 1 3 1 . Power . | . . . . . Propulsion . | . . . . . Utility . | . . . . . Weapon 1 | . 1 2 1 . Tool/Special . | . . . . . Unused Backups . | . . . . . Power . | . . . . . Propulsion . | . . . . . Utility . | . . . . . Weapon . | . . . . . Tool/Special . | . . . . . Average Slot Usage (%) 68 | . 57 66 87 50 Engine 7 | . . 8 11 3 Treads 15 | . 28 18 16 6 Device 8 | . . . 16 12 Processor 14 | . . 15 22 10 Energy Gun 2 | . 14 4 . . Ballistic Gun 17 | . 6 16 22 17 Launcher 1 | . 7 1 . . Peak Build Rating 33 | 4 4 20 33 30 Average Rating 19 | 2 4 15 27 20 On Entrance 11 | . 4 4 19 30 Naked Turns 10 | . . . . 10 Heaviest Build 16 | 3 5 14 16 16 Greatest Support 44 | 40 40 44 44 22 Greatest Overweight (x) 4 | . . 4 . 2 Average Overweight (x) . | . . . . . Largest Inventory Capacity 5 | 5 5 5 5 5 Average Capacity 5 | 5 5 5 5 5 Most Carried 5 | 3 2 5 4 4 Average Carried 2 | 1 1 3 2 1 Final Capacity 5 | 5 5 5 5 5 Final Carried 2 | 1 2 2 2 1 Class Distribution -------------------- 98% | Mutant Dominant Class ---------------- Mutant | -10/Materials Mutant | -9/Materials Mutant | -9/Mines Mutant | -8/Materials Resources | -11 -10 -9 -9 -8 ----------- Run | Yrd Mat Mat Min Mat Matter Collected 1981 | 214 76 893 219 579 Remotely . | . . . . . Salvage Created 2837 | . 279 1330 169 1059 Parts 183 | . 26 83 12 62 Haulers Intercepted 5 | . 2 1 . 2 Recyclers Shooed 6 | . 1 4 1 . Parts Field Recycled . | . . . . . Retrieved Matter . | . . . . . Parts Self-Destructed . | . . . . . Prevented . | . . . . . Kills | -11 -10 -9 -9 -8 ------- Run | Yrd Mat Mat Min Mat Combat Hostiles Destroyed 53 | . 8 24 5 16 Melee 1 | . . 1 . . Guns 45 | . 5 19 5 16 AOE 7 | . 3 4 . . Classes Destroyed 12 | . 5 5 1 1 Worker 8 | . 2 4 . 2 Builder 7 | . . 4 . 3 Tunneler 3 | . . . . 3 Hauler 5 | . 2 1 . 2 Recycler 5 | . . 4 . 1 Operator 1 | . . 1 . . Watcher 6 | . 1 4 . 1 Swarmer 7 | . 3 3 1 . Grunt 38 | . 5 17 3 13 Brawler 1 | . . 1 . . Duelist 2 | . . . 1 1 Sentry 5 | . . 3 . 2 Best Kill Streak 10 | . 5 8 2 10 Combat Bots Only 8 | . 3 8 2 5 Max Kills in Single Turn 3 | . 2 3 1 3 Gunslinging . | . . . . . Exploded 2 | . 2 2 . . Melee 1 | . . 1 . . Uniques/NPCs Destroyed . | . . . . . Combat | -11 -10 -9 -9 -8 -------- Run | Yrd Mat Mat Min Mat Hostile Shots Fired 302 | . 27 134 18 123 Missed 93 | . 10 45 2 36 Hits 209 | . 17 89 16 87 Melee 6 | . . . 2 4 Projectile 203 | . 17 89 14 83 Critical Strikes 7 | . . 2 . 5 Damage Taken 2839 | . 190 1066 202 1381 Core 846 | . 49 227 8 562 Absorbed by Shields . | . . . . . Core Remaining (%) 73 | 100 80 . 41 . Volleys Fired 231 | 2 30 88 23 88 Largest 3 | 2 2 2 2 3 Hottest 121 | 70 80 100 50 121 Shots Fired 434 | 4 58 165 46 161 Gun 399 | 4 48 156 46 145 Cannon 13 | . . . . 13 Launcher 22 | . 10 9 . 3 Special . | . . . . . Kinetic 346 | 2 18 135 46 145 Thermal 66 | 2 30 21 . 13 Explosive 22 | . 10 9 . 3 Electromagnetic . | . . . . . Robot Hit Streak 30 | 2 11 27 30 16 Robot Miss Streak 6 | 1 2 4 2 6 Penetration Max 1 | . . . . 1 Secondary Targets 8 | . 1 5 . 2 Max Gunslinging Chain 1 | . 1 1 . 1 Shots Hit Robots 278 | 3 28 105 31 111 Core Hits 149 | . 26 61 7 55 Critical Kills . | . . . . . Critical Parts Destroyed 2 | . . 1 1 . Critical Strikes 7 | 2 2 2 1 . Burn 5 | 2 2 1 . . Destroy 2 | . . 1 1 . Melee Attacks . | . . . . . Impact . | . . . . . Slashing . | . . . . . Piercing . | . . . . . Sneak Attacks . | . . . . . Combat Hostiles . | . . . . . Follow-up Attacks . | . . . . . Damage Inflicted 5863 | 34 789 2212 547 2281 Guns 4270 | 34 346 1625 547 1718 Cannons 225 | . . . . 225 Explosions 1359 | . 443 578 . 338 Melee . | . . . . . Ramming 9 | . . 9 . . Kinetic 3882 | 9 107 1501 547 1718 Thermal 613 | 25 239 124 . 225 Explosive 1359 | . 443 578 . 338 Electromagnetic . | . . . . . Impact . | . . . . . Slashing . | . . . . . Piercing . | . . . . . Highest Corruption . | . . . . . Average Corruption . | . . . . . Corruption Purged . | . . . . . Corruption Blocked . | . . . . . Overload Shots . | . . . . . Overflow Damage 14 | . . 10 . 4 Projectiles 4 | . . . . 4 Explosions 10 | . . 10 . . Melee . | . . . . . Knockbacks . | . . . . . Impact . | . . . . . Kinetic . | . . . . . Secondary . | . . . . . Self-Inflicted Damage 63 | . . 63 . . Shots 2 | . . 2 . . Rammed 2 | . . 2 . . Targets Rammed 2 | . . 2 . . Kicked . | . . . . . Crushed . | . . . . . Highest Temperature 78 | 20 72 78 15 68 Average Temperature 16 | 15 22 13 6 24 Received Heat Transfer 1386 | . 87 450 39 810 Siege Activations . | . . . . . Martial Activations . | . . . . . Shielding Activations . | . . . . . Robots Disrupted . | . . . . . Combat Hostiles . | . . . . . Robots Corrupted . | . . . . . Combat Hostiles . | . . . . . Parts Fried . | . . . . . Impact Corruptions . | . . . . . Robots Melted . | . . . . . Combat Hostiles . | . . . . . Parts Melted 3 | . . 3 . . Heat Transferred 1850 | 222 851 444 . 333 Parts Sabotaged . | . . . . . Parts Stolen . | . . . . . Parts Stripped . | . . . . . Power Chain Reactions . | . . . . . Alert | -11 -10 -9 -9 -8 ------- Run | Yrd Mat Mat Min Mat Maximum Alert Level 2 | . 1 2 1 1 Low Security (%) 64 | 100 93 20 76 91 Level 1 29 | . 6 60 23 8 Level 2 5 | . . 18 . . Level 3 . | . . . . . Level 4 . | . . . . . Level 5 . | . . . . . High Security . | . . . . . Max Security . | . . . . . Peak Influence 483 | . 201 483 243 229 Initial 183 | . . 76 183 37 Average 179 | . 77 294 171 97 Influence Increases 2029 | . 291 799 340 599 Destroy 0b10 Robot/C 1240 | . 160 480 240 360 Destroy 0b10 Robot/NC 200 | . 25 90 15 70 Destroy Leader 244 | . 26 110 30 78 Allied During Kill 74 | . . . 55 19 Disable Machine 90 | . 15 60 . 15 Destroy Structure 136 | . 65 44 . 27 Lose Combat Pursuer 45 | . . 15 . 30 Influence Decreases 1808 | . 110 509 716 473 Entered New Map 451 | . . 105 288 58 Time Decay 1117 | . 110 374 368 265 Lost Part 160 | . . 30 20 110 Lost Ally 80 | . . . 40 40 Squads Dispatched 7 | . . 4 1 2 Investigation . | . . . . . Extermination . | . . . . . Reinforcement 5 | . . 4 . 1 Assault 1 | . . . 1 . Garrison 1 | . . . . 1 Intercept . | . . . . . Searches Triggered . | . . . . . Construction Impeded 3 | . . 2 . 1 Haulers Reinforced . | . . . . . Active Scanning Responses . | . . . . . Cargo Convoy Interrupts . | . . . . . Stealth | -11 -10 -9 -9 -8 --------- Run | Yrd Mat Mat Min Mat Distress Signals 6 | . 2 3 . 1 Communications Jammed . | . . . . . Distress Signals . | . . . . . Times Spotted 90 | . 11 35 14 30 Peak Tracking Total 6 | . 5 6 3 6 Tactical Retreats 3 | . . 1 . 2 Traps | -11 -10 -9 -9 -8 ------- Run | Yrd Mat Mat Min Mat Traps Triggered 1 | . . . . 1 Indirectly . | . . . . . Trap Hack Attempts . | . . . . . Triggered . | . . . . . Disarmed . | . . . . . Reprogrammed . | . . . . . Reused . | . . . . . Traps Extracted . | . . . . . Installed . | . . . . . Triggered . | . . . . . Machines | -11 -10 -9 -9 -8 ---------- Run | Yrd Mat Mat Min Mat Machines Disabled 6 | . 1 4 . 1 Max in Single Turn 1 | . 1 1 . 1 Machines Repaired . | . . . . . Machines Dismantled . | . . . . . Machines Sabotaged . | . . . . . Overloaded Fab Kills . | . . . . . Hacking | -11 -10 -9 -9 -8 --------- Run | Yrd Mat Mat Min Mat Machines Accessed . | . . . . . Terminals . | . . . . . Fabricators . | . . . . . Repair Stations . | . . . . . Recycling Units . | . . . . . Scanalyzers . | . . . . . Garrison Access . | . . . . . Total Hacks . | . . . . . Successful . | . . . . . Failed . | . . . . . Catastrophic . | . . . . . Database Lockouts . | . . . . . Manual . | . . . . . Terminals . | . . . . . Fabricators . | . . . . . Repair Stations . | . . . . . Recycling Units . | . . . . . Scanalyzers . | . . . . . Garrison Access . | . . . . . Terminal Hacks . | . . . . . Fabricator Hacks . | . . . . . Repair Station Hacks . | . . . . . Recycling Unit Hacks . | . . . . . Scanalyzer . | . . . . . Garrison Access Hacks . | . . . . . Unauthorized Hacks . | . . . . . Terminals . | . . . . . Fabricators . | . . . . . Repair Stations . | . . . . . Recycling Units . | . . . . . Scanalyzers . | . . . . . Garrison Access . | . . . . . Data Cores Recovered 1 | . . . . 1 Used . | . . . . . Hacking Detections . | . . . . . Full Trace Events . | . . . . . Feedback Events . | . . . . . Feedback Blocked . | . . . . . Robot Schematics Acquired . | . . . . . Robots Built . | . . . . . Authchips . | . . . . . Time . | . . . . . Total Robot Build Rating . | . . . . . Part Schematics Acquired . | . . . . . Parts Built . | . . . . . Authchips . | . . . . . Time . | . . . . . Total Part Build Rating . | . . . . . Parts Repaired . | . . . . . Time . | . . . . . Parts Recycled . | . . . . . Recycled Matter . | . . . . . Retrieved Matter . | . . . . . Retrieved Components . | . . . . . Parts Scanalyzed . | . . . . . Part Schematics Acquired . | . . . . . Parts Damaged . | . . . . . Bothacking | -11 -10 -9 -9 -8 ------------ Run | Yrd Mat Mat Min Mat Used RIF Installer . | . . . . . Robots Hacked . | . . . . . Non-combat . | . . . . . Combat . | . . . . . Robot Hacks Applied . | . . . . . Relay Couplers Released . | . . . . . Fabnet Peak Effective % . | . . . . . Robots Rewired . | . . . . . Allies Hacked . | . . . . . Hacks Repelled . | . . . . . Allies | -11 -10 -9 -9 -8 -------- Run | Yrd Mat Mat Min Mat Total Allies 4 | . . . 4 . Largest Group 4 | . . . 4 2 Highest-Rated Group 71 | . . . 71 47 Highest-Rated Ally 31 | . . . 31 31 Total Orders . | . . . . . Ally Attacks 35 | . . . 23 12 Total Damage 518 | . . . 336 182 Kills 14 | . . . 10 4 Allies Corrupted . | . . . . . Allies Melted . | . . . . . Intel | -11 -10 -9 -9 -8 ------- Run | Yrd Mat Mat Min Mat Active Infowar (turns) 1037 | . . . 613 424 Sensors 1037 | . . . 613 424 Robot Analysis Total . | . . . . . Derelict Logs Recovered 2 | . . . 2 . Drone Launches . | . . . . . Drone Recoveries . | . . . . . Exploration | -11 -10 -9 -9 -8 ------------- Run | Yrd Mat Mat Min Mat Turns Passed 2679 | 79 270 865 852 613 Spaces Moved 1368 | 59 115 412 512 270 Core 117 | 26 . 20 . 71 Treads 1213 | 33 115 354 512 199 Legs . | . . . . . Wheels . | . . . . . Hover 38 | . . 38 . . Flight . | . . . . . Fastest Speed 50 | 50 160 56 145 50 Average Speed 141 | 111 160 142 145 130 Slowest Speed 250 | 160 160 250 145 150 Overloaded Moves . | . . . . . Propulsion Burnouts . | . . . . . Robots Hopped . | . . . . . Potential Cave-ins 1 | . 1 . . . Cave-ins Triggered . | . . . . . Exploration Rate (%) 38 | 4 32 29 93 34 Regions Visited 4 Branch Regions 1 Pre-discovered Areas 2 | . . . 2 . Known Exits Taken . | . . . . . Unknown Exits Taken 4 | 1 1 1 1 . Scrap Searched 1 | . . . 1 . Spaces Dug 11 | . 5 6 . . Terrain Destroyed 157 | . 81 52 . 24 Melee . | . . . . . Projectile 3 | . . . . 3 AOE 154 | . 81 52 . 21 Terrain Rammed . | . . . . . Walls Destroyed . | . . . . . Machines Disabled . | . . . . . Actions | -11 -10 -9 -9 -8 --------- Run | Yrd Mat Mat Min Mat Total 1741 | 69 147 549 586 390 Wait 64 | . 2 7 42 13 Move 1363 | 58 113 411 511 270 Hop . | . . . . . Pick Up 29 | 5 1 11 4 8 Fast Attach 5 | . . 5 . . Attach 26 | 4 . 8 4 10 Detach 2 | . . . 1 1 Swap 8 | . 1 7 . . Drop 11 | . . 10 1 . Fire 231 | 2 30 88 23 88 Melee . | . . . . . Ram 2 | . . 2 . . Kick . | . . . . . Crush . | . . . . . Escape Stasis . | . . . . . Rewire . | . . . . . Trap . | . . . . . Miscellaneous . | . . . . . Route ------- -11/Scrapyard -10/Materials -9/Materials -9/Mines -8/Materials History --------- Turn | Location | Event 3 | -11/Scrapyard | Discovered new exit (range 15) 80 | -11/Scrapyard | Entered Materials 298 | -10/Materials | Discovered new exit (range 14) 306 | -10/Materials | Build established: Mutant 350 | -10/Materials | Entered another Materials area 350 | -9/Materials | Evolved 2 slots: Utility x2 718 | -9/Materials | Destroyed 8 combat bots 886 | -9/Materials | Core integrity fell below 50% 1058 | -9/Materials | Discovered new exit (range 15) 1215 | -9/Materials | Entered Mines 1216 | -9/Mines | Met a Derelict testing a Signal Generator 1221 | -9/Mines | Found Signal Generator 1267 | -9/Mines | Assisted by bots powering up and referring to "LRC-V3" 1304 | -9/Mines | Discovered new exit (range 4) 1438 | -9/Mines | Learned location of Zion (-7) 1450 | -9/Mines | Found a damaged Exp. Sensor Array with a note attached 1453 | -9/Mines | Found Prototype Device 1454 | -9/Mines | Identified Exp. Sensor Array 2067 | -9/Mines | Entered Materials 2067 | -8/Materials | Accompanied by 2 allies 2067 | -8/Materials | Evolved 2 slots: Power x1, Weapon x1 2364 | -8/Materials | Garrison activated, responded to threat 2506 | -8/Materials | Core integrity fell below 50% 2541 | -8/Materials | Lost 6 parts (1n3u2w) 2594 | -8/Materials | Core integrity fell below 20% 2680 | -8/Materials | Destroyed by G-47 Trooper with Particle Gun Last Messages --------------- U-05 Engineer builds a Door. T-07 Excavator destroyed. Destroyed Imp. Hover Unit. U-05 Engineer builds a Wall. U-05 Engineer builds a Door. G-47 Trooper destroyed. A-02 Transporter destroyed. G-47 Trooper destroyed. U-05 Engineer builds a Wall. Acquired Prototype Ballistic Gun. Identified Imp. Assault Rifle. T-07 Excavator destroyed. W-25 Informer destroyed. Acquired 19 matter. Acquired 27 matter. Acquired Imp. Assault Rifle. R-06 Scavenger collects Lgt. Deuterium Engine. R-06 Scavenger collects Aluminum Leg. Imp. Assault Rifle severed. R-06 Scavenger collects Imp. VTOL Module. Map ----- +----------------------------------------------------+ | | | | | | | | | | | | | | | | | | | ?????????????????????????????????????????????????? | | ?????????????????????????????????????????????????? | | ?????????????????????????????????????????????????? | | ?????????????????????????????????????????????????? | | ?????????????????????????????????????????????????? | | ?????????????????????????????????????????????????? | | ?????????????????????????????????????????????????? | | ?????????????????????????????????????????????????? | | ??????????????????????##############?????????????? | | ??????????????????????# #?????????????? | | ??????????????????#???# #?????????????? | | ??????????????????# ??# """ ""?????????????????? | | ??????????????????# ?# = """ ""?????????????????? | | ??????????????????# #=%!""" ""?????????????????? | | ??????????????????# ##+#########?????? #???????? | | ??????????????????# g=%w%!= [ #### #???????? | | ??????????????????# l@= %=%! #???????? | | ??????????????????# g= r #######??????????? | | ??????????????????########### ###??????????????? | | ???????????????????????###??# # #??????????????? | | ????????????????????????????# #??????????????? | | ????????????????????????????# # #??????????????? | | ????????????????????????????# ######???????????? | | ????????????????????????????# # #???????????? | | ??????????????????? ???????# # #???????????? | | ????????????????????? ??????# # ! #???????????? | | ?????????????????????? ????# # #???????????? | | ??????????????????????? ???# # !#???????????? | | ??????????????????????###/### #= #???????????? | | ??????????????????????# # # ! #???????????? | | ??????????????????????# # +%= #???????????? | | ??????????????????????# # #???????????? | | ??????????????????????# # ######???????????? | | ??????????????????????# " ### #????????????????? | | ??????????????????????##"%"####/####?????????????? | | ???????????????????????# # #?????????????? | | ???????????????????????# + #?????????????? | | ???????????????????????# # #?????????????? | | ?????????????????###???# # #?????????????? | | ???????????????? ! ???# !=# #?????????????? | | ??????????????? !??+ *^#########?????????????? | +----------------------------------------------------+ Best States ------------- Heat Dissipation 31 Energy Generation 15 Energy Capacity 280 Matter Stores 300 Matter Capacity 300 Sight Range 16 Robot Scan Range 20 Terrain Scan Density 10 Power Amplification 20 Evasion (%) 53 Targeting Accuracy 12 Recoil Reduction 2 Item Schematics ----------------- None Robot Schematics ------------------ None Fabricated ------------ Nothing Repaired ---------- Nothing Alien Tech Used ----------------- None Achievements -------------- None Challenges ------------ None Game ------ Seed UltimatePiercingLink Manual? 0 Play Time 00:26:12 Cumulative 69.1 hours Start 2025.07.24 @ 13:34:43 End 2025.07.28 @ 19:37:09 Sessions 2 Manual Loads 0 Difficulty Rogue Special Mode None Game No. 288 Rogue 288 Adventurer 0 Explorer 0 Win Type - Total 0 Types 0/0/0/0/0/0/0/0/0/0 Lore% 18 Gallery% 31 Achievement% 26 Wizard Run 0 Options --------- Layout 2 ASCII 0 Keyboard 0 Movement Mouse Keybinds 0 Fullscreen 1 Font 24/Smallcaps Map View 50x44 Zoom Use 5% Tactical HUD 0 Map Filters NONE Filters NONE Steam 1 RUN: 85dc03ff-4548-4f71-bfad-3c7fb22037f3